 Dungeon Sprint DCSS version 0.20.1-1-g8b1a95d (webtiles) character file.

420 JustSomeDude the Unseen (level 6, -7/48 HPs)
             Began as a Vampire Assassin on Aug 27, 2017.
             Was an Initiate of Dithmenos.
             Mangled by a slime creature (17 damage)
             ... in the Dungeon (Sprint I: "Red Sonja").
             The game lasted 00:01:04 (103 turns).

JustSomeDude the Unseen (Vampire Assassin)           Turns: 103, Time: 00:01:05

Health: -7/48      AC:  3    Str: 10    XL:     6   Next: 62%
Magic:  6/6        EV: 12    Int: 13    God:    Dithmenos [......]
Gold:   310        SH:  0    Dex: 18    Spells: 5/5 levels left

rFire    . . .     SeeInvis +   a - +2 dagger
rCold    . . .     Gourm    .   (no shield)
rNeg     + . .     Faith    .   c - +0 robe
rPois    .         Spirit   .   (no helmet)
rElec    .         Reflect  .   d - +0 cloak
rCorr    .         Harm     .   (no gloves)
MR       .....     NoTele   +   (no boots)
Stlth    +++++++...             (no amulet)
Regen    0.2/turn               (no ring)
MPRegen  0.1/turn               (no ring)

@: hasted, very quick
A: fangs 3, see invisible, unbreathing
a: Bat Form, Renounce Religion


You were in the Dungeon.
You worshipped Dithmenos.
Dithmenos was noncommittal.
You were not thirsty.

You visited 1 branch You collected 310 gold pieces.

Inventory:

Hand Weapons
 a - a +2 dagger (weapon)
 b - a +0 blowgun
Missiles
 e - 8 poisoned needles
 f - 2 curare-tipped needles
Armour
 c - a +0 robe (worn)
 d - a +0 cloak (worn)
Scrolls
 m - a scroll of blinking
Potions
 g - a potion of blood
 h - a potion of curing
 i - a potion of heal wounds
 k - 2 potions of magic
 l - a potion of berserk rage


   Skills:
 + Level 4.1 Fighting
 + Level 5.0 Short Blades
 + Level 3.6 Throwing
 + Level 1.7 Dodging
 + Level 18.1 Stealth


You had 5 spell levels left.
You didn't know any spells.

Dungeon Overview and Level Annotations

Branches:
Dungeon (1/1)

Altars:
Cheibriados
Dithmenos
Elyvilon
Fedhas
Gozag
Hepliaklqana
Kikubaaqudgha
Makhleb
Nemelex Xobeh
Okawaru
Qazlal
Ru
Sif Muna
Trog
Uskayaw
Vehumet
Xom
Yredelemnul
Zin
The Shining One
Jiyva
Lugonu

Shops:
D (


Innate Abilities, Weirdness & Mutations

You have razor-sharp teeth.
You have supernaturally acute eyesight. (SInv)
You can survive without breathing.


Message History

The slime creature hits you!!
* * * LOW HITPOINT WARNING * * *
You feel much better. The slime creature barely misses you.
You hit the slime creature.
The slime creature is moderately wounded.
The slime creature hits you!
You feel yourself speed up. The slime creature hits you.
* * * LOW HITPOINT WARNING * * *
You hit the slime creature. You bite the slime creature.
The slime creature is moderately wounded.
You hit the slime creature. You bite the slime creature.
The slime creature is heavily wounded.
The slime creature hits you.
* * * LOW HITPOINT WARNING * * *
You hit the slime creature.
The slime creature is heavily wounded.
You hit the slime creature. You bite the slime creature.
The slime creature is severely wounded.
The slime creature hits you!
You die...

###################
#<.#.['..#.)'..#__#
#..'..#.)'..#..@J.+
#..#####'#####'#__#
#..####..#...#[####
#..#__####..##.#
#..#_____##'#..+
#⌠⌠#_.∩..†'..._#
####_..__##_.#'#
#_____###+#[#
####### ###


You could see a slime creature.

Vanquished Creatures
  Sigmund (D)
  A yak (D)
  An ogre (D)
  A jelly (D)
  Ijyb (D)
5 creatures vanquished.

Notes
Turn   | Place    | Note
-------+----------+-------------------------------------------
     0 | D        | JustSomeDude the Vampire Assassin began the quest for the Orb.
     0 | D        | Reached XP level 1. HP: 16/16 MP: 1/1
     1 | D        | Noticed Ijyb
     4 | D        | Killed Ijyb
     4 | D        | Reached skill level 9 in Stealth
     4 | D        | Reached XP level 2. HP: 23/23 MP: 2/2
     6 | D        | Noticed an ogre
     9 | D        | Killed an ogre
     9 | D        | Reached skill level 13 in Stealth
     9 | D        | Reached XP level 3. HP: 29/29 MP: 3/3
     9 | D        | Reached XP level 4. HP: 35/35 MP: 4/4
    18 | D        | Noticed Sigmund
    21 | D        | Killed Sigmund
    21 | D        | Reached skill level 16 in Stealth
    21 | D        | Reached XP level 5. HP: 42/42 MP: 5/5
    34 | D        | Found a deep blue altar of Sif Muna.
    36 | D        | Found a radiant altar of Vehumet.
    42 | D        | Found Otset's Antique Weapon Emporium.
    42 | D        | Found an ancient bone altar of Kikubaaqudgha.
    42 | D        | Found a hazy altar of Hepliaklqana.
    42 | D        | Found a stormy altar of Qazlal.
    42 | D        | Found a hide-covered altar of Uskayaw.
    42 | D        | Found a blossoming altar of Fedhas.
    42 | D        | Found a bloodstained altar of Trog.
    42 | D        | Found an iron altar of Okawaru.
    42 | D        | Found a basalt altar of Yredelemnul.
    42 | D        | Found a glowing golden altar of the Shining One.
    42 | D        | Found a snail-covered altar of Cheibriados.
    42 | D        | Found a sacrificial altar of Ru.
    42 | D        | Found a glowing silver altar of Zin.
    42 | D        | Found a shadowy altar of Dithmenos.
    42 | D        | Found a white marble altar of Elyvilon.
    42 | D        | Noticed a yak
    43 | D        | Found an opulent altar of Gozag.
    44 | D        | Killed a yak
    44 | D        | Reached skill level 17 in Stealth
    44 | D        | Reached XP level 6. HP: 48/48 MP: 6/6
    45 | D        | Found a sparkling altar of Nemelex Xobeh.
    51 | D        | Became a worshipper of Dithmenos the Shadowed
    60 | D        | Reached skill level 5 in Short Blades
    60 | D        | Reached skill level 18 in Stealth
    89 | D        | Found a burning altar of Makhleb.
    89 | D        | Found a viscous altar of Jiyva.
    89 | D        | Found a shimmering altar of Xom.
    89 | D        | Found a corrupted altar of Lugonu.
    89 | D        | Noticed a slime creature
   103 | D        | Mangled by a slime creature

Skill      XL: |  1  2  3  4  5  6 |
---------------+-------------------+-----
Fighting       | 2 3 4 |  4.1
Throwing       | 2 3 |  3.6
Stealth        | 9 13 16 17 18 | 18.1
Short Blades   | 3 4 5 |  5.0
Dodging        | |  1.7

Action                   |  1- 3 |  4- 6 || total
-------------------------+-------+-------++-------
Melee: Dagger            |     2 |    14 ||    16
       Bite              |       |     3 ||     3
  Use: Potion            |       |     2 ||     2
 Stab: Sleeping          |     2 |     3 ||     5
Dodge: Dodged            |       |     2 ||     2
